Map: Fracture LE

Players

AzazEl - Winner!

  • Race: Terran Terran
  • League: Diamond
  • Spawn Location: 5:00

Sashamon

  • Race: Zerg Zerg
  • League: Diamond
  • Spawn Location: 11:00

VOD

Have the link to the VOD?

Description

Time

  • Played on: Nov. 15, 2018, 12:09 p.m.
  • Length: 13:29
Show
View Real Time Build Order
Export as new Build Order

AzazEl Terran - Winner!

Build Orders: Hellion Banshee, Mech 

Get SALT Encoding   

  12  0:01  SCV  
  13  0:13  SCV  
  14  0:17  Supply Depot  
  14  0:25  SCV  
  15  0:39  SCV  
  15  0:40  Barracks  
  16  0:45  Refinery  
  16  0:51  SCV  
  17  1:03  SCV  
  18  1:16  SCV  
  19  1:28  Barracks Reactor  
  19  1:29  Orbital Command  
  19  1:40  Command Center  
  19  1:50  Supply Depot  
  19  1:56  SCV  
  20  2:04  Marine x2  
  22  2:08  SCV  
  23  2:16  Factory  
  23  2:21  SCV  
  24  2:23  Marine x2  
  26  2:41  Marine x2  
  27  2:47  SCV  
  29  2:58  Bunker  
  29  2:59  Orbital Command  
  28  3:06  SCV  
  28  3:07  Starport  
  28  3:10  Refinery  
  29  3:15  Barracks Tech Lab, Supply Depot  
  29  3:18  SCV  
  29  3:19  Hellion x2  
  34  3:25  SCV  
  35  3:32  SCV  
  36  3:37  SCV  
  37  3:44  SCV, Hellion x2  
  42  3:49  SCV  
  42  3:53  Banshee  
  42  3:54  Cloaking Field  
  46  3:56  SCV  
  46  3:58  Supply Depot  
  46  4:01  SCV  
  48  4:08  SCV  
  49  4:13  SCV  
  50  4:20  SCV  
  55  4:24  Hellion x2  
  55  4:26  SCV  
  55  4:30  Command Center  
  56  4:38  SCV x2  
  56  4:45  Hellion x2  
  62  4:51  SCV x2  
  62  4:55  Supply Depot  
  62  5:02  Supply Depot  
  62  5:16  SCV x2  
  62  5:17  Hellion x2  
  62  5:20  Banshee  
  66  5:25  Supply Depot  
  60  5:29  SCV x2  
  60  5:31  Refinery  
  60  5:32  Refinery  
  62  5:38  Hellion x2  
  66  5:48  SCV x2  
  68  5:53  Orbital Command  
  68  5:55  Supply Depot  
  68  5:57  Factory  
  68  6:01  Factory  
  68  6:02  Factory  
  68  6:03  Banshee  
  71  6:04  Factory  
  71  6:08  Armory  
  71  6:16  SCV x2  
  71  6:17  Supply Depot  
  73  6:28  SCV x2  
  73  6:32  Refinery  
  75  6:33  Refinery  
  75  6:40  SCV x2, Armory  
  75  6:45  Banshee  
  80  7:00  Orbital Command  
  78  7:13  SCV x2  
  78  7:15  Factory Tech Lab x3  
  80  7:16  Factory Reactor  
  80  7:18  Terran Vehicle Weapons Level 1  
  68  7:40  SCV x2  
  70  7:47  Thor  
  70  7:48  Siege Tank, Hellion x3  
  85  7:58  Supply Depot  
  85  7:59  Supply Depot  
  85  8:00  Hellion  
  85  8:01  Terran Vehicle And Ship Armor Level 1, Supply Depot, Hellion  
  89  8:09  Siege Tank, Hellion  
  89  8:10  Hellion  
  96  8:13  SCV  
  96  8:14  Starport Reactor  
  97  8:21  Supply Depot, Siege Tank  
  97  8:22  Hellion  
  97  8:24  Supply Depot  
  102  8:29  Thor  
  108  8:36  SCV, Command Center  
  108  8:37  SCV  
  108  8:40  SCV  
  111  9:01  Siege Tank x2  
  111  9:02  Hellion x4  
  117  9:15  Supply Depot x2  
  117  9:17  Thor  
  117  9:18  Supply Depot  
  117  9:19  Engineering Bay  
  117  9:22  Supply Depot  
  117  9:23  Hellion x2  
  127  9:33  Siege Tank  
  127  9:34  Siege Tank  
  130  9:41  Supply Depot x2  
  130  9:49  Missile Turret x3  
  130  9:51  Missile Turret  
  130  9:54  Missile Turret  
  130  9:59  Missile Turret  
  126  10:00  Thor  
  123  10:07  Siege Tank x2  
  123  10:08  Hellion x3  
  123  10:10  Viking x2  
  123  10:13  Hellion  
  139  10:16  Missile Turret  
  139  10:29  Sensor Tower  
  139  10:35  Hellion x4  
  146  10:44  Missile Turret  
  146  10:45  Missile Turret  
  143  11:00  Orbital Command  
  143  11:28  Siege Tank x2, Hellion x2, Thor  
  143  11:29  Hellion  
  143  11:30  Hellion  
  147  11:59  Viking x2, Thor  
  157  12:12  Siege Tank  
  157  12:13  Siege Tank, Hellion x2  
  147  12:21  Hellion x2  
  148  12:29  Viking x2  
  149  12:38  Hellion x2  
  149  12:42  Siege Tank  
  156  12:44  Thor  
  156  12:45  Siege Tank  
  162  12:55  Hellion  
  164  12:58  Viking  
Show
View Real Time Build Order
Export as new Build Order

Sashamon Zerg 

Build Orders: Pool First, Muta Ling Bane 

Get SALT Encoding   

  12  0:01  Drone  
  13  0:12  Overlord  
  13  0:17  Drone  
  14  0:30  Drone x2  
  16  0:44  Spawning Pool  
  16  0:45  Extractor  
  16  0:46  Drone  
  15  0:50  Drone  
  16  0:57  Drone  
  17  1:18  Hatchery  
  16  1:21  Drone  
  17  1:31  Zergling x4  
  19  1:41  Queen  
  21  1:49  Overlord  
  21  1:57  Drone  
  22  2:02  Metabolic Boost  
  22  2:09  Drone  
  23  2:18  Drone  
  23  2:19  Queen  
  26  2:33  Drone  
  26  2:34  Drone x2  
  28  2:45  Drone x2  
  28  2:46  Queen  
  31  2:57  Drone x2  
  31  2:58  Drone  
  34  3:00  Overlord  
  34  3:10  Hatchery  
  33  3:15  Drone x2  
  35  3:23  Drone x4  
  39  3:31  Drone  
  39  3:32  Drone x3  
  43  3:35  Overlord  
  43  3:49  Drone  
  43  3:50  Evolution Chamber  
  43  3:52  Extractor, Overlord  
  42  3:56  Zergling x2  
  42  3:57  Zergling x10  
  48  4:08  Drone x2  
  48  4:09  Zergling x4  
  52  4:10  Evolution Chamber  
  52  4:14  Baneling Nest  
  50  4:19  Drone x2  
  52  4:26  Queen  
  54  4:37  Queen x2  
  56  4:39  Drone  
  56  4:40  Drone x6  
  56  4:41  Zergling x2  
  63  4:54  Extractor  
  63  4:55  Zerg Melee Weapons Level 1  
  63  4:56  Zerg Ground Armor Level 1  
  62  5:00  Zergling x6  
  62  5:02  Overlord  
  62  5:05  Extractor  
  64  5:09  Spore Crawler x2  
  64  5:11  Queen  
  59  5:27  Drone x10  
  69  5:37  Lair  
  69  5:45  Drone  
  69  5:46  Drone x3  
  73  5:57  Overlord x3  
  73  6:06  Overlord x2  
  73  6:17  Zergling x2  
  73  6:18  Zergling x12  
  80  6:19  Baneling x3  
  80  6:20  Baneling x2  
  80  6:29  Zergling x14  
  87  6:37  Centrifical Hooks  
  87  6:39  Zergling x2  
  88  6:43  Spire  
  87  6:51  Spore Crawler  
  84  7:10  Overseer  
  84  7:13  Queen  
  86  7:17  Zergling x12  
  90  7:28  Zergling x2  
  90  7:29  Zergling x22  
  94  7:56  Drone x8  
  102  8:12  Zergling x8  
  106  8:13  Zergling x8  
  106  8:14  Hatchery  
  106  8:16  Pneumatized Carapace  
  106  8:17  Zerg Melee Weapons Level 2  
  106  8:18  Zerg Ground Armor Level 2  
  109  8:21  Extractor, Overlord  
  109  8:22  Extractor  
  109  8:25  Zerg Flyer Weapons Level 1, Hatchery  
  106  8:36  Baneling x8, Mutalisk x4  
  106  8:39  Overlord  
  106  8:40  Overlord, Mutalisk x3  
  120  8:45  Drone  
  121  9:02  Mutalisk x3  
  127  9:12  Drone  
  127  9:13  Drone x2  
  127  9:15  Drone x2  
  127  9:16  Drone x3  
  135  9:18  Zergling x6  
  135  9:20  Overlord x3  
  135  9:22  Baneling x7  
  138  9:28  Infestation Pit  
  136  9:45  Mutalisk x2  
  136  9:46  Mutalisk  
  131  10:04  Zergling x2  
  131  10:05  Zergling x22  
  118  10:10  Hive  
  118  10:13  Queen  
  115  10:14  Drone x3  
  118  10:23  Zergling x2  
  118  10:24  Zergling x6  
  122  10:31  Zergling x2  
  122  10:32  Zergling x12  
  119  10:53  Drone x6  
  123  10:58  Zergling x2  
  123  10:59  Zergling x16  
  123  11:02  Baneling x13  
  123  11:03  Baneling x2  
  132  11:23  Mutalisk  
  132  11:24  Mutalisk x6  
  146  11:26  Zergling x2  
  146  11:27  Zergling x18  
  146  11:32  Greater Spire  
  152  11:33  Ultralisk Cavern  
  151  11:44  Zergling x18  
  151  11:46  Baneling x9  
  141  11:55  Adrenal Glands  
  136  12:15  Zergling x26  
  110  12:16  Zergling x4  
  116  12:29  Zergling x8  
  116  12:34  Extractor  
  116  12:35  Extractor  
  116  12:37  Ultralisk x3  
  111  12:52  Zergling x6  
  111  12:53  Zergling x6  
Tags
 
Add a new tag
Caveats
  • Supply blocks, unpowered buildings, or Contaminate may cause inaccurate times.
  • Supply counts are checked every 10 seconds.